 Dungeon Crawl Stone Soup version 0.21.1-1-g345015f (webtiles) character file.

1568 Kagorn the Sneak (level 8, -8/53 HPs)
             Began as a Vampire Gladiator on June 4, 2018.
             Was a Believer of Hepliaklqana.
             Killed from afar by an electric eel (12 damage)
             ... with a bolt of electricity
             ... on level 6 of the Dungeon.
             The game lasted 01:31:45 (6393 turns).

Kagorn the Sneak (Vampire Gladiator)                Turns: 6393, Time: 01:31:45

Health: -8/53      AC:  4    Str: 13    XL:     8   Next: 59%
Magic:  11/11      EV: 15    Int: 13    God:    Hepliaklqana [**....]
Gold:   328        SH:  5    Dex: 20    Spells: 11/11 levels left

rFire    . . .     SeeInvis +   a - +0 rapier
rCold    . . .     Gourm    .   m - +0 buckler
rNeg     . . .     Faith    .   b - +0 leather armour
rPois    .         Spirit   .   c - +0 helmet
rElec    .         Reflect  .   (no cloak)
rCorr    .         Harm     .   (no gloves)
MR       .....                  (no boots)
Stlth    ++++......             (no amulet)
HPRegen  0.37/turn              x - +3 ring of dexterity
MPRegen  0.12/turn              o - +2 ring of intelligence

@: regenerating quickly
A: reduced essence, fangs 3, see invisible, unbreathing
a: Recall Ancestor, Ancestor Identity, Renounce Religion


You were on level 6 of the Dungeon.
You worshipped Hepliaklqana.
Hepliaklqana was pleased with you.
You were full.

You visited 2 branches of the dungeon, and saw 7 of its levels.
You also visited: Sewer.

You collected 328 gold pieces.

Inventory:

Hand Weapons
 a - a +0 rapier (weapon)
 k - a +0 fustibalus
Missiles
 d - 3 throwing nets (quivered)
 w - 25 sling bullets
Armour
 b - a +0 leather armour (worn)
 c - a +0 helmet (worn)
 m - a +0 buckler (worn)
Jewellery
 o - a +2 ring of intelligence (right hand)
 q - an uncursed ring of ice
 x - a +3 ring of dexterity (left hand)
 B - a cursed amulet of inaccuracy {unknown}
Wands
 s - a wand of iceblast (6)
 A - a wand of digging (10)
Scrolls
 g - a scroll of fog {unknown}
 h - 2 scrolls of amnesia {unknown}
 i - a scroll of fear {unknown}
 n - 5 scrolls of remove curse
 t - 3 scrolls of teleportation
 v - 5 scrolls of identify
 y - a scroll of blinking {unknown}
Potions
 e - 6 potions of blood
 f - 4 potions of heal wounds {unknown}
 j - a potion of curing
 l - 2 potions of invisibility
 p - a potion of brilliance
 r - 4 potions of lignification
 u - a potion of berserk rage
 z - a potion of ambrosia {unknown}


   Skills:
 + Level 3.6 Fighting
 + Level 6.2 Short Blades
 * Level 3.0 Throwing
 + Level 2.5 Armour
 + Level 5.0 Dodging
 * Level 6.8 Stealth
 + Level 1.9 Shields
 - Level 2.0 Spellcasting
 - Level 2.0 Invocations
 - Level 2.1 Evocations


You had 11 spell levels left.
You didn't know any spells.

Dungeon Overview and Level Annotations

Branches:
Dungeon (6/15)             Temple (1/1) D:4

Altars:
Dithmenos
Fedhas
Gozag
Hepliaklqana
Makhleb
Nemelex Xobeh
Sif Muna
Uskayaw
Vehumet
Wu Jian
Xom
Yredelemnul
The Shining One

Shops:
D:4 *


Innate Abilities, Weirdness & Mutations

Your natural rate of healing is unusually fast.
You have razor-sharp teeth.
You have supernaturally acute eyesight. (SInv)
You can survive without breathing.
Your life essence is reduced to manifest your ancestor. (-10% HP)


Message History

The jackal bites the plant but does no damage.
The jackal bites the plant but does no damage.
The jackal bites the plant but does no damage.
You see here a worker ant corpse.
The jackal bites the plant but does no damage.
The jackal bites the plant.
The jackal bites the plant but does no damage.
Found a thick jewelled staff.
An electric eel comes into view.
The electric eel shoots out a bolt of lightning at you!
The bolt of electricity hits you! The bolt of electricity misses you.
Found 14 gold pieces.
The electric eel shoots out a bolt of lightning at you!
The bolt of electricity hits you!
The electric eel shoots out a bolt of lightning at you!
The bolt of electricity hits you!
* * * LOW HITPOINT WARNING * * *
The electric eel shoots out a bolt of lightning at you!
The bolt of electricity hits you!
You die...

#.#####........#.....$..
##.......P........≈P.≈.≈.
#..≈P≈.%..h≈≈.≈P≈..;≈≈≈≈≈
..≈≈≈≈≈≈≈≈≈≈≈≈≈≈≈≈≈≈≈≈≈≈≈
..≈.P≈≈≈≈≈≈≈≈≈≈≈≈R≈≈≈≈≈P≈
.≈≈≈h≈≈≈≈≈≈≈≈≈P≈≈≈≈P≈≈≈≈.
P≈≈≈≈≈≈≈≈PP≈≈.≈.≈≈≈≈≈.≈..
≈≈≈≈≈≈≈≈≈≈.≈P(......|....
≈≈≈≈≈≈.≈≈≈....##@##.####.
≈≈≈.......†#####.## #
≈≈.................
≈...........#######
P≈.÷###%###.# ........#
#.# ...###### #.# #..#
#.# #### ######.#


You could see the friendly Shatu-murrim the hexer, an electric eel and a jackal.

Vanquished Creatures
  Sigmund (D:2)
  An ice beast (D:5)
  3 ogres
  A howler monkey (D:5)
  3 crimson imps (D:5)
  A jelly (D:5)
  An orc priest (D:5)
  An iguana (D:5)
  4 worker ants
  A howler monkey skeleton (D:5)
  9 adders
  2 gnolls (D:4)
  An ooze (D:2)
  An adder skeleton (D:4)
  A worm (D:4)
  A dart slug (D:2)
  5 leopard geckos (D:2)
  5 orcs
  5 giant cockroaches
  13 hobgoblins
  6 jackals
  3 quokkas (D:2)
  5 ball pythons
  7 bats
  8 frilled lizards
  5 goblins
  A jackal skeleton (D:5)
  8 kobolds
  7 rats
  7 fungi (D:3)
  5 plants
122 creatures vanquished.

Vanquished Creatures (collateral kills)
  A sky beast (D:6)
  An ogre (D:3)
  A centaur (D:5)
  An electric eel (D:6)
  An orc priest (D:5)
  2 hounds (D:4)
  4 worker ants
  A gnoll (D:4)
  An adder (D:5)
  A leopard gecko (D:5)
  7 orcs (D:3)
  A giant cockroach (D:3)
  A goblin (D:2)
  2 jackals (D:2)
  A ball python (Sewer)
  2 bats (D:3)
  A frilled lizard (Sewer)
  A quokka skeleton (D:5)
  A rat (Sewer)
  8 fungi (D:3)
  2 plants (D:3)
41 creatures vanquished.

Vanquished Creatures (others)
  2 hexers (D:5)
  A plant (D:6)
3 creatures vanquished.

Grand Total: 166 creatures vanquished

Notes
Turn   | Place    | Note
-------+----------+-------------------------------------------
     0 | D:1      | Kagorn the Vampire Gladiator began the quest for the Orb.
     0 | D:1      | Reached XP level 1. HP: 16/16 MP: 1/1
   213 | D:1      | Reached XP level 2. HP: 21/22 MP: 2/2
   608 | D:1      | Reached XP level 3. HP: 27/27 MP: 3/3
  1046 | D:2      | Noticed Sigmund
  1064 | D:2      | Killed Sigmund
  1064 | D:2      | Reached skill level 1 in Armour
  1064 | D:2      | Reached skill level 1 in Shields
  1064 | D:2      | Reached skill level 1 in Spellcasting
  1064 | D:2      | Reached XP level 4. HP: 30/34 MP: 3/5
  1064 | D:2      | Reached XP level 5. HP: 35/39 MP: 3/6
  1203 | D:2      | Found a radiant altar of Vehumet.
  1747 | D:2      | Found an ornate altar of the Wu Jian Council.
  1759 | D:2      | Found a hazy altar of Hepliaklqana.
  1769 | D:2      | Found an opulent altar of Gozag.
  1783 | D:2      | Found a sparkling altar of Nemelex Xobeh.
  1795 | D:2      | Became a worshipper of Hepliaklqana the Forgotten
  1874 | D:2      | Reached XP level 6. HP: 35/41 MP: 8/8
  2745 | D:3      | Reached * piety under Hepliaklqana
  2760 | D:3      | Found a blossoming altar of Fedhas.
  3369 | D:4      | Reached skill level 1 in Invocations
  3369 | D:4      | Reached XP level 7. HP: 24/45 MP: 9/9
  3485 | D:4      | Reached skill level 1 in Evocations
  3658 | D:4      | Found a glowing drain.
  3726 | Sewer    | Entered a sewer
  3855 | D:4      | Found a staircase to the Ecumenical Temple.
  3865 | Temple   | Entered the Ecumenical Temple
  4125 | D:4      | Found an opulent altar of Gozag.
  4125 | D:4      | Found Gozag's Platinum Reserve.
  4528 | D:5      | Entered Level 5 of the Dungeon
  4695 | D:5      | Reached ** piety under Hepliaklqana
  4696 | D:5      | Remembered your ancestor Shatu-murrim as a hexer
  4727 | D:5      | Reached skill level 5 in Short Blades
  5045 | D:5      | Reached skill level 5 in Stealth
  5131 | D:5      | Reached XP level 8. HP: 35/52 MP: 11/11
  5333 | D:5      | Found a burning altar of Makhleb.
  6008 | D:5      | Reached skill level 5 in Dodging
  6393 | D:6      | Killed from afar by an electric eel

Skill      XL: |  1  2  3  4  5  6  7  8 |
---------------+-------------------------+-----
Fighting       | 2 3 |  3.6
Throwing       | 2 3 |  3.0
Short Blades   | 4 5 6 |  6.2
Armour         | 1 2 |  2.5
Dodging        | 4 5 |  5.0
Stealth        | 2 3 5 6 |  6.8
Shields        | 1 |  1.9
Spellcasting   | 1 2 |  2.0
Invocations    | 1 2 |  2.0
Evocations     | 1 2 |  2.1

Action                   |  1- 3 |  4- 6 |  7- 9 || total
-------------------------+-------+-------+-------++-------
Melee: Rapier            |    98 |   352 |   202 ||   652
       Bite              |     7 |    58 |    29 ||    94
Invok: Recall Ancestor   |       |     1 |       ||     1
       Ancestor Life: He |       |       |     1 ||     1
 Abil: End Transformatio |       |     1 |     1 ||     2
       Bat Form          |       |     1 |     1 ||     2
  Use: Potion            |       |    17 |    16 ||    33
       Scroll            |       |     6 |     1 ||     7
 Stab: Sleeping          |     1 |    13 |     6 ||    20
       Distracted        |       |       |     1 ||     1
Armor: Leather armour    |    32 |    34 |    14 ||    80
Dodge: Dodged            |    76 |    99 |    88 ||   263
Block: Buckler           |     5 |    28 |    25 ||    58
